Map: World of Sleepers LE

Players

LucaL - Winner!

  • Race: Zerg Zerg
  • League: Master
  • Spawn Location: 7:00

Mez

  • Race: Terran Terran
  • League: Master
  • Spawn Location: 1:00

VOD

Have the link to the VOD?

Description

Time

  • Played on: Sept. 3, 2019, 7:54 a.m.
  • Length: 18:18
Show
View Real Time Build Order
Export as new Build Order

LucaL Zerg - Winner!

Build Orders: Hatch First, Brood Lord Corruptor 

Get SALT Encoding   

  12  0:01  Drone  
  13  0:12  Overlord  
  13  0:19  Drone  
  14  0:31  Drone  
  14  0:32  Drone  
  16  0:50  Hatchery  
  16  0:52  Drone  
  16  0:55  Drone  
  17  0:58  Drone  
  18  1:07  Extractor  
  17  1:16  Spawning Pool  
  17  1:17  Drone  
  17  1:20  Drone  
  18  1:29  Drone  
  19  1:47  Overlord  
  19  1:58  Drone  
  20  2:04  Zergling x4, Queen x2  
  26  2:10  Metabolic Boost  
  26  2:12  Drone  
  27  2:16  Overlord  
  27  2:22  Drone  
  28  2:26  Drone  
  29  2:35  Drone  
  30  2:38  Drone  
  30  2:42  Queen  
  33  2:52  Drone  
  34  3:00  Drone x3  
  37  3:15  Drone x5  
  42  3:25  Drone  
  43  3:30  Drone  
  43  3:32  Hatchery  
  43  3:34  Overlord  
  42  3:46  Queen  
  44  3:51  Queen  
  44  3:52  Overlord  
  46  3:58  Drone x6  
  52  4:10  Zergling x2  
  52  4:11  Zergling x2  
  52  4:12  Zergling x4  
  52  4:17  Extractor  
  55  4:18  Overlord  
  55  4:24  Drone x2  
  55  4:25  Drone  
  55  4:26  Drone  
  55  4:31  Baneling Nest, Queen  
  59  4:32  Extractor  
  59  4:34  Overlord  
  59  4:41  Drone  
  60  4:46  Queen  
  60  4:47  Overlord  
  60  4:49  Drone x2  
  64  4:55  Evolution Chamber x2  
  64  4:58  Zergling x4  
  64  4:59  Zergling x8  
  68  5:05  Lair  
  68  5:10  Drone x3  
  71  5:19  Drone  
  70  5:30  Drone  
  70  5:32  Drone x3  
  63  5:43  Drone x4  
  63  5:48  Drone x2  
  66  5:53  Zerg Ground Armor Level 1, Zerg Melee Weapons Level 1  
  66  5:55  Drone  
  66  5:56  Drone x2  
  69  6:03  Drone  
  70  6:05  Centrifical Hooks  
  71  6:11  Drone x3  
  71  6:16  Overlord  
  71  6:18  Hatchery  
  72  6:20  Zergling x10, Extractor  
  72  6:21  Zergling x2, Extractor  
  76  6:28  Zergling x10  
  76  6:31  Overlord x3  
  76  6:32  Pneumatized Carapace  
  81  6:39  Drone x3  
  84  6:45  Drone  
  85  6:49  Overlord  
  85  6:50  Drone x4  
  85  6:51  Baneling x3  
  85  6:52  Baneling x6  
  89  6:57  Overseer  
  89  7:00  Zergling x2  
  89  7:01  Zergling x8  
  94  7:07  Extractor  
  93  7:13  Spore Crawler  
  93  7:15  Baneling x7  
  92  7:16  Zergling x2  
  92  7:17  Zergling x8  
  97  7:23  Zergling x14  
  101  7:34  Drone x4  
  106  7:37  Drone x2  
  106  7:43  Baneling x3  
  106  7:44  Baneling x7  
  107  7:45  Baneling x2  
  107  7:46  Zergling x2  
  107  7:47  Zergling x8  
  111  8:01  Overlord x3  
  111  8:02  Overlord x2, Zerg Ground Armor Level 2  
  111  8:03  Zerg Melee Weapons Level 2  
  111  8:09  Infestation Pit  
  110  8:19  Zergling x2  
  112  8:20  Zergling x28  
  112  8:21  Zergling x6  
  126  8:34  Zergling x14  
  130  8:42  Drone x4  
  130  8:43  Drone x3  
  132  8:53  Zergling x2  
  132  8:54  Zergling x12  
  126  9:04  Overlord, Hive  
  126  9:06  Drone x2  
  126  9:08  Zergling x2, Extractor  
  126  9:09  Zergling x6  
  131  9:20  Zergling x2  
  131  9:21  Zergling x20  
  139  9:30  Spire  
  138  9:32  Drone x2  
  138  9:33  Overlord x3  
  138  9:35  Baneling x5  
  138  9:36  Baneling x9  
  140  9:43  Zergling x12  
  140  9:44  Zergling x6  
  149  9:53  Extractor  
  144  10:13  Overlord, Hatchery  
  141  10:14  Zergling x2  
  141  10:15  Zergling x36  
  141  10:20  Adrenal Glands  
  159  10:22  Zerg Ground Armor Level 3  
  159  10:28  Overlord  
  159  10:30  Drone  
  160  10:39  Baneling x8  
  160  10:40  Overlord  
  160  10:42  Greater Spire  
  159  10:57  Baneling x12  
  159  11:05  Drone x2  
  159  11:10  Zergling x18  
  159  11:11  Zergling x24  
  161  11:24  Baneling  
  161  11:25  Baneling x17  
  155  11:26  Zergling x2, Baneling x5  
  155  11:27  Zergling x20  
  162  11:40  Zergling x2  
  162  11:41  Zergling x24  
  162  11:59  Queen  
  162  12:00  Drone x5  
  162  12:01  Corruptor x7  
  169  12:08  Corruptor x2  
  185  12:26  Corruptor x2  
  189  12:33  Brood Lord  
  189  12:34  Brood Lord x4  
  198  13:03  Zerg Flyer Armor Level 1  
  198  13:04  Ultralisk Cavern  
  197  13:08  Hatchery  
  190  13:15  Brood Lord x6  
  182  13:48  Zerg Melee Weapons Level 3  
  180  13:57  Zergling x28  
  180  13:58  Zergling x10  
  199  14:16  Zergling x2  
  178  14:17  Zergling x40  
  163  14:33  Zergling x12  
  163  14:34  Zergling x54  
  163  14:37  Corruptor  
  170  14:45  Chitinous Plating  
  170  14:48  Baneling x2  
  170  14:49  Baneling x18  
  154  14:59  Baneling x9  
  154  15:00  Baneling x5  
  154  15:02  Ultralisk x4  
  154  15:06  Drone x6  
  154  15:07  Drone  
  170  15:29  Zergling x22  
  170  15:30  Zergling x28  
  170  15:33  Baneling  
  169  15:51  Drone x4  
  169  15:55  Drone x2  
  155  16:15  Corruptor x9  
  155  16:18  Zergling x24  
  163  16:19  Zergling x4  
  157  16:29  Zergling x2  
  157  16:30  Zergling x24  
  162  16:39  Queen  
  157  16:41  Drone  
  157  16:42  Queen, Drone x2  
  162  16:47  Baneling  
  162  16:48  Corruptor x2, Baneling x10  
  166  17:04  Baneling  
  166  17:05  Baneling x9  
  166  17:06  Zergling x26  
  166  17:07  Zergling x2  
  132  17:31  Zergling x22  
  132  17:32  Zergling x28  
  146  17:49  Zergling x12  
  146  17:50  Zergling x18  
Show
View Real Time Build Order
Export as new Build Order

Mez Terran 

Build Orders: Liberator Opening, Reaper Expand 

Get SALT Encoding   

  12  0:00  SCV  
  13  0:13  SCV  
  14  0:17  Supply Depot  
  14  0:25  SCV  
  15  0:38  SCV  
  15  0:39  Barracks  
  16  0:43  Refinery  
  16  0:50  SCV  
  17  1:03  SCV  
  18  1:18  SCV  
  19  1:27  Reaper  
  19  1:30  Orbital Command  
  20  1:41  Command Center  
  20  1:48  Supply Depot  
  20  1:57  SCV  
  20  1:58  Marine  
  22  2:09  SCV  
  22  2:12  Factory  
  22  2:15  Refinery  
  23  2:20  Barracks Reactor  
  23  2:22  SCV  
  24  2:34  SCV  
  25  2:46  SCV  
  26  2:54  Orbital Command  
  26  2:59  Starport  
  26  3:01  SCV  
  26  3:03  Hellion x2  
  31  3:06  Barracks Tech Lab  
  31  3:07  Engineering Bay  
  31  3:13  SCV  
  31  3:22  SCV  
  32  3:28  Supply Depot  
  32  3:29  Hellion x2  
  32  3:31  Liberator  
  36  3:37  SCV  
  36  3:38  SCV  
  37  3:46  Marine  
  38  3:49  SCV  
  38  3:50  SCV  
  43  4:00  Supply Depot  
  43  4:02  SCV x2  
  45  4:04  Hellion x2  
  45  4:09  Marine  
  50  4:14  SCV x2  
  52  4:26  SCV  
  52  4:27  Command Center  
  53  4:33  Supply Depot  
  53  4:39  SCV x2  
  55  4:48  Stimpack  
  55  4:50  Barracks  
  55  4:51  Barracks, SCV x2  
  57  4:53  Marine  
  57  4:56  Starport Reactor, Factory Reactor  
  58  5:03  SCV x2  
  58  5:04  Engineering Bay  
  58  5:05  Engineering Bay  
  60  5:07  Supply Depot  
  60  5:15  SCV x2  
  62  5:23  Marine  
  62  5:27  SCV x2  
  60  5:39  SCV x2  
  60  5:41  Marine  
  61  5:46  Marine x2  
  61  5:49  Terran Infantry Weapons Level 1  
  57  5:50  Terran Infantry Armor Level 1  
  57  5:51  Orbital Command, Refinery  
  57  5:52  SCV x2  
  57  5:53  Refinery  
  57  5:54  Factory Tech Lab  
  57  5:55  Marine x2, Supply Depot  
  58  5:59  Marine  
  58  6:00  Medivac x2  
  58  6:04  Marine x2  
  65  6:11  Barracks  
  65  6:12  Barracks  
  65  6:15  Marine x2, Siege Tank  
  70  6:23  Marine x3, Supply Depot  
  73  6:26  SCV  
  73  6:29  SCV  
  76  6:32  Marine  
  76  6:33  Marine  
  77  6:40  Marine  
  77  6:41  Marine, Orbital Command  
  77  6:42  Marine, Armory  
  77  6:43  Supply Depot  
  77  6:45  Medivac x2  
  84  6:50  Marine x2, Siege Tank  
  89  6:54  SCV x2  
  89  6:58  Marine x2  
  89  7:00  Marine  
  94  7:04  Barracks Reactor x2  
  94  7:06  SCV x2  
  94  7:08  Marine, SCV  
  97  7:12  Combat Shield  
  98  7:17  Marine x3  
  98  7:18  Marine, SCV x2  
  98  7:20  SCV  
  104  7:30  SCV  
  104  7:32  Marine  
  104  7:34  Marine, Siege Tank  
  104  7:35  Marine x2  
  104  7:36  Marine, Medivac x2  
  117  7:52  Marine, SCV x3  
  117  7:53  Marine  
  117  8:03  Supply Depot x2  
  117  8:05  Supply Depot  
  117  8:06  Supply Depot  
  117  8:07  Terran Infantry Armor Level 2, Terran Infantry Weapons Level 2  
  117  8:22  Marine x5, Medivac  
  117  8:23  SCV  
  117  8:24  Marine  
  117  8:25  SCV x2  
  120  8:34  Marine x2  
  120  8:39  Marine  
  120  8:40  Siege Tank  
  126  8:42  SCV  
  126  8:44  Factory  
  115  8:56  Marine x8  
  115  8:57  Marine  
  119  9:08  Supply Depot  
  119  9:09  Supply Depot  
  119  9:11  Command Center, Supply Depot, Refinery  
  119  9:12  Siege Tank, SCV x2  
  119  9:13  Refinery  
  119  9:14  Marine x6  
  130  9:25  Armory  
  130  9:27  Supply Depot  
  130  9:29  Factory Tech Lab  
  130  9:30  Medivac x2  
  130  9:31  Marine x3  
  137  9:41  Barracks  
  137  9:42  Barracks x2  
  137  9:55  Marine x7, Supply Depot x2  
  137  9:56  Marine x2  
  142  10:13  Marine x9  
  150  10:20  SCV x2  
  150  10:21  SCV  
  153  10:27  Siege Tank x2  
  159  10:31  Marine x9  
  168  10:41  Medivac x2  
  168  10:42  Terran Infantry Weapons Level 3  
  172  10:44  Terran Infantry Armor Level 3  
  172  10:49  Planetary Fortress  
  169  10:59  Marine x5  
  169  11:00  Barracks Tech Lab x3  
  165  11:23  Marine  
  165  11:35  Marine x6  
  167  11:42  Marine x5  
  163  11:51  Marine  
  163  11:53  Marine x2, Supply Depot  
  159  11:55  Armory  
  159  12:00  Siege Tank x2  
  165  12:01  Medivac x2  
  165  12:05  Marine  
  165  12:06  Marauder  
  172  12:10  Starport  
  172  12:11  Starport  
  178  12:15  Marauder x3  
  178  12:27  Marauder  
  180  12:50  Armory  
  180  12:55  Starport Tech Lab  
  180  12:56  Starport Reactor  
  180  13:03  Fusion Core  
  180  13:07  Supply Depot x2  
  180  13:08  SCV  
  180  13:09  Liberator x2  
  180  13:13  Marine x2  
  180  13:14  Marine x2, SCV  
  180  13:15  Marine  
  180  13:17  Liberator  
  180  13:18  Marine x2, SCV, Marauder  
  180  13:25  SCV  
  176  13:27  Marauder  
  176  13:30  SCV  
  176  13:33  Marauder x2  
  180  13:37  SCV  
  180  13:40  Command Center  
  187  13:43  Command Center  
  187  13:45  Command Center  
  187  13:58  Marauder x3  
  187  13:59  Concussive Shells  
  187  14:00  Advanced Ballistics  
  193  14:05  Viking x2  
  193  14:09  Viking x2  
  169  14:23  Marine x3  
  138  14:32  Marine x3  
  138  14:33  Marine x6  
  138  14:34  Viking  
  138  14:35  Viking x2  
  142  14:41  Marine x3  
  142  14:47  Liberator x3  
  142  14:50  Marine x4  
  143  15:03  Marine x5  
  157  15:26  Marine x10  
  157  15:27  Marine  
  168  15:32  Unknown  
  159  15:40  Siege Tank x2  
  162  15:46  Medivac  
  145  16:02  Sensor Tower  
  145  16:09  Marine x6  
  132  16:16  Medivac  
  120  16:20  Marine  
  120  16:21  Marine  
  113  16:26  Marine x4  
  111  16:41  Planetary Fortress  
  111  17:11  Marauder  
  111  17:12  Marauder x3  
  113  17:16  Liberator x3  
  99  17:24  Siege Tank x2  
  93  17:31  Marine x8  
  93  17:32  Marine x3  
  93  17:33  Marine  
  108  17:49  Marine x2  
  107  17:53  Marine x7  
Tags
 
Add a new tag
Caveats
  • Supply blocks, unpowered buildings, or Contaminate may cause inaccurate times.
  • Supply counts are checked every 10 seconds.